 Dungeon Crawl Stone Soup version 0.23.2-1-ga50397a6bc (webtiles) character file.

Game seed: 5935836212427159252

618 Foic the Thaumaturge (level 7, -4/36 HPs)
             Began as a Deep Elf Wizard on May 23, 2019.
             Was a Follower of Sif Muna.
             Shot with an arrow by a centaur (16 damage)
             ... on level 5 of the Dungeon.
             The game lasted 00:34:47 (5157 turns).

Foic the Thaumaturge (Deep Elf Wizard)              Turns: 5157, Time: 00:34:48

Health: -4/36      AC:  2    Str:  4      XL:     7   Next: 21%
Magic:  44/45      EV: 14    Int: 25 (27) God:    Sif Muna [*.....]
Gold:   238        SH:  0    Dex: 12 (13) Spells: 12/23 levels left

rFire    . . .     SeeInvis .   m - staff of power
rCold    . . .     Gourm    .   (no shield)
rNeg     . . .     Faith    .   a - +0 robe
rPois    .         Spirit   .   b - +0 hat
rElec    .         Reflect  .   (no cloak)
rCorr    .         Harm     .   (no gloves)
MR       .....                  (no boots)
Stlth    ++........             (no amulet)
HPRegen  0.12/turn              k - +2 ring of intelligence
MPRegen  0.29/turn              g - ring of magical power (curse)

@: no status effects
A: no striking features
a: Divine Energy, Renounce Religion


You were on level 5 of the Dungeon.
You worshipped Sif Muna.
Sif Muna was aware of your devotion.
You were hungry.

You visited 1 branch of the dungeon, and saw 5 of its levels.

You collected 238 gold pieces.

Inventory:

Hand Weapons
 f - a +0 dagger
 z - the +4 hunting sling of the Beast {velocity, Dex+3, unknown}
   (You found it on level 5 of the Dungeon)

   Any stone fired from it inflicts extra damage.
   It affects your dexterity (+3).
Missiles
 t - 29 arrows
Armour
 a - a +0 robe (worn)
 b - a +0 hat (worn)
 C - a +0 leather armour of poison resistance
Magical Staves
 m - an uncursed staff of power (weapon)
Jewellery
 g - a cursed ring of magical power (right hand)
 k - a +2 ring of intelligence (left hand)
 v - a +3 ring of evasion
 y - an uncursed ring of protection from cold
 D - an uncursed amulet of harm {unknown}
Wands
 j - a wand of iceblast (12)
Scrolls
 i - 2 scrolls of teleportation
 n - 2 scrolls of noise {unknown}
 o - a scroll of enchant weapon {unknown}
 q - 5 scrolls of remove curse {unknown}
 r - a scroll of fog {unknown}
 s - a scroll of random uselessness {unknown}
 E - a scroll of enchant armour {unknown}
Potions
 c - a potion of flight {unknown}
 e - a potion of agility
 h - a potion of lignification {unknown}
 l - a potion of might
 p - a potion of cancellation {unknown}
 u - 2 potions of resistance {unknown}
 x - a potion of mutation {unknown}
 A - a potion of ambrosia {unknown}
Comestibles
 d - 7 rations


   Skills:
 * Level 4.5 Dodging
 + Level 2.9 Stealth
 * Level 8.8 Spellcasting
 + Level 2.2 Conjurations
 + Level 1.1 Hexes
 + Level 3.4 Summonings
 + Level 1.1 Translocations


You had 12 spell levels left.
You knew the following spells:

 Your Spells              Type           Power        Failure   Level  Hunger
a - Magic Dart            Conj           ###.         2%          1    None
b - Blink                 Tloc           N/A          5%          2    None
c - Call Imp              Summ           ####....     1%          2    None
d - Slow                  Hex            ###.....     5%          2    None
e - Sticks to Snakes      Tmut           ##......     9%          2    None
f - Summon Small Mammal   Summ           ####         1%          1    None
g - Confusing Touch       Hex            ###...       3%          1    None

Your spell library contained the following spells:

 Spells                   Type           Power        Failure   Level  Hunger
 Apportation              Tloc           ###...       3%          1    None
 Animate Skeleton         Necr           N/A          5%          1    None
 Beastly Appendage        Tmut           ##....       5%          1    None
 Conjure Flame            Conj/Fire      ###.....     11%         3    None
 Mephitic Cloud           Conj/Pois/Air  ##......     12%         3    None
 Spider Form              Tmut/Pois      ##........   17%         3    None
 Ice Form                 Ice/Tmut       ##......     50%         4    ##.....
 Blade Hands              Tmut           ##........   83%         5    ####...


Dungeon Overview and Level Annotations

Branches:
Dungeon (5/15)             Temple (0/1) D:5

Altars:
Ashenzari
Sif Muna
Vehumet
Xom

Shops:
D:5 :(

Annotations:
D:5 book of callings 360g & book of maledictions 300g


Message History

t - Shout!
Orders for allies: a - Attack new target. r - Retreat! s - Stop attacking. g - Guard the area. f - Follow me.
Anything else - Cancel.
Gang up on whom?
Press: ? - help, Dir - move target cursor, f - centaur
Aim: a centaur, wielding a +0 shortbow Attack!
The centaur shoots an arrow.
The arrow hits you!
You swap places.
The centaur shoots an arrow.
The arrow barely misses your quokka. The arrow hits you!
* * * LOW HITPOINT WARNING * * *
You see here an arrow.
You feel better.
The centaur shoots an arrow.
The arrow hits your rat!
Your rat dies!
Your rat's corpse disappears in a puff of smoke!
Your quokka bites the centaur.
The centaur shoots an arrow.
The arrow barely misses your quokka. The arrow hits you!
You die...

#.....# +.....#... #.....#
#.....#... #.....####.........
####.......≈≈≈≈.≈≈≈ ..
#.......≈≈≈≈.≈≈≈ ...
#.rc....≈≈≈≈.≈≈≈
...##############.r..[..≈≈≈≈.≈≈≈
.............5(.§.#####.≈≈≈≈....
......)....5...@(5'..#........≈≈
....).............#..#..≈≈≈≈≈.≈≈
8.8)..............#..+..≈≈≈≈≈.≈≈
.⌠.......>........#####.≈≈≈≈≈.≈≈
>.8.###.....####### ##.≈≈≈≈≈.≈≈
.⌠. #.....# ........... #.....#
...#...... #.....# ...#......
#.....# .. #......


You could see a centaur, 2 friendly crimson imps, a friendly white imp and 2
friendly quokkas.

Vanquished Creatures
  Sigmund (D:2)
  5 adders
  4 dart slugs
  4 leopard geckos
  8 orcs
  6 bats
  2 giant cockroaches
  8 goblins
  6 hobgoblins
  A jackal (D:4)
  A quokka (D:4)
  2 ball pythons (D:2)
  3 frilled lizards
  A jackal skeleton (D:4)
  10 kobolds
  2 rats
64 creatures vanquished.

Vanquished Creatures (collateral kills)
  2 ogres
  A howler monkey (D:4)
  2 hounds (D:4)
  An orc priest (D:5)
  2 orc wizards (D:4)
  An iguana (D:4)
  Natasha (thrice) (D:2)
  2 worker ants (D:4)
  Terence (D:2)
  A hound skeleton (D:5)
  A worker ant zombie (D:5)
  3 adders (D:4)
  2 adder skeletons
  12 orcs
  2 giant cockroaches
  3 hobgoblins
  5 jackals (D:2)
  A kobold (D:3)
  A rat (D:3)
46 creatures vanquished.

Grand Total: 110 creatures vanquished

Notes
Turn   | Place    | Note
-------+----------+-------------------------------------------
     0 | D:1      | Foic the Deep Elf Wizard began the quest for the Orb.
     0 | D:1      | Reached XP level 1. HP: 10/10 MP: 7/7
   337 | D:1      | Reached XP level 2. HP: 15/15 MP: 0/9
   341 | D:1      | Learned a level 2 spell: Blink
   344 | D:1      | Learned a level 2 spell: Call Imp
   347 | D:1      | Learned a level 2 spell: Slow
   563 | D:1      | Reached skill level 5 in Spellcasting
  1226 | D:2      | Reached XP level 3. HP: 19/19 MP: 9/11
  1406 | D:2      | Noticed Sigmund
  1442 | D:2      | Noticed Natasha
  1477 | D:2      | Killed Natasha
  1585 | D:2      | Noticed an ogre
  1649 | D:2      | Killed Sigmund
  1649 | D:2      | Reached skill level 7 in Spellcasting
  1649 | D:2      | Reached XP level 4. HP: 24/24 MP: 6/15
  1649 | D:2      | Reached XP level 5. HP: 28/28 MP: 6/16
  1654 | D:2      | Noticed Natasha
  1819 | D:2      | Killed Natasha
  1827 | D:2      | Killed an ogre
  1982 | D:2      | Noticed Natasha
  1990 | D:2      | Killed Natasha
  2126 | D:2      | Noticed Terence
  2154 | D:2      | Killed Terence
  2154 | D:2      | Reached XP level 6. HP: 32/32 MP: 7/18
  2371 | D:2      | Found a deep blue altar of Sif Muna.
  2388 | D:2      | Became a worshipper of Sif Muna the Loreminder
  2893 | D:3      | Learned a level 2 spell: Sticks to Snakes
  3236 | D:3      | Found a radiant altar of Vehumet.
  3473 | D:3      | Found a shimmering altar of Xom.
  3603 | D:4      | Reached skill level 8 in Spellcasting
  3627 | D:4      | Learned a level 1 spell: Summon Small Mammal
  3629 | D:4      | Learned a level 1 spell: Confusing Touch
  3811 | D:4      | Found a shattered altar of Ashenzari.
  3938 | D:4      | Reached * piety under Sif Muna
  4282 | D:4      | Reached skill level 1 in Hexes
  4323 | D:4      | Reached XP level 7. HP: 35/36 MP: 21/21
  4635 | D:5      | Entered Level 5 of the Dungeon
  4873 | D:5      | Got an iridescent hunting sling
  5045 | D:5      | Found Gastriruq's Antique Weapon Boutique.
  5058 | D:5      | Found Qoax's Book Boutique.
  5119 | D:5      | Found a staircase to the Ecumenical Temple.
  5157 | D:5      | Shot with an arrow by a centaur

Skill      XL: |  1  2  3  4  5  6 |
---------------+-------------------+-----
Spellcasting   | 5 7 8 |  8.8
Dodging        | 3 4 |  4.5
Summonings     | 2 3 |  3.4
Conjurations   | 2 |  2.2
Hexes          | 1 |  1.1
Stealth        | |  2.9
Translocations | |  1.1

Action                   |  1- 3 |  4- 6 |  7- 9 || total
-------------------------+-------+-------+-------++-------
Melee: Staff             |       |     3 |       ||     3
 Cast: Magic Dart        |    64 |    99 |    31 ||   194
       Call Imp          |    14 |    43 |    12 ||    69
       Slow              |     1 |     3 |       ||     4
       Summon Small Mamm |       |    31 |    26 ||    57
       Confusing Touch   |       |     1 |       ||     1
  Use: Scroll            |     5 |     2 |     1 ||     8
       Potion            |       |     6 |     1 ||     7
  Eat: Chunk             |     2 |     8 |     2 ||    12
Armor: Robe              |     1 |     4 |     1 ||     6
Dodge: Dodged            |     6 |    26 |    11 ||    43
